PCL
ALBUQUERQUE ISOTOPES @ SPOKANE TRAPPERS
07/28/2027
 
TOP OF THE 1ST
Albuquerque Isotopes batting - Pitching for Spokane Trappers : RHP Júlio Quintana
Pitching: RHP Júlio Quintana
Batting: RHB Arturo García 0-0: Ball
1-0: Ball
2-0: Called Strike
2-1: Swinging Strike
2-2: Strikes out swinging
Batting: RHB Dave Mullen 0-0: Called Strike
0-1: Foul Ball, location: 2F
0-2: Ground out 6-3 (Groundball, 6)
Batting: LHB Bernardo Montés 0-0: Ball
1-0: Called Strike
1-1: Ball
2-1: Called Strike
2-2: Fly out, F6 (Line Drive, 56D)
Top of the 1st over - 0 run(s), 0 hit(s), 0 error(s), 0 left on base; Albuquerque 0 - Spokane 0
BOTTOM OF THE 1ST
Spokane Trappers batting - Pitching for Albuquerque Isotopes : RHP César De La Cruz
Pitching: RHP César De La Cruz
Batting: RHB Ramiro Ross 0-0: Foul Ball, location: 2F
0-1: Swinging Strike
0-2: Ball
1-2: Ball
2-2: Ball
3-2: Foul Ball, location: 2F
3-2: Strikes out swinging
Batting: RHB Robert Marks 0-0: Called Strike
0-1: Ball
1-1: Fly out, F7 (Flyball, 78S)
Batting: LHB José Berroa 0-0: Ball
1-0: Ball
2-0: Ball
3-0: Base on Balls
Batting: RHB Pedro Guzmán 0-0: Called Strike
0-1: Ball
1-1: Foul Ball, location: 2F
1-2: Foul Ball, location: 2F
1-2: Strikes out swinging
Bottom of the 1st over - 0 run(s), 0 hit(s), 0 error(s), 1 left on base; Albuquerque 0 - Spokane 0
TOP OF THE 2ND
Albuquerque Isotopes batting - Pitching for Spokane Trappers : RHP Júlio Quintana
Batting: LHB António De Los Ángeles 0-0: Ball
1-0: Ball
2-0: Called Strike
2-1: Ball
3-1: Ground out 1-3 (Groundball, P)
Batting: RHB Gonzalo Gil 0-0: Called Strike
0-1: Swinging Strike
0-2: Fly out, F3 (Popup, 3L)
Batting: RHB Juan Alberto 0-0: Foul Ball, location: 2F
0-1: Ball
1-1: Called Strike
1-2: Strikes out swinging
Top of the 2nd over - 0 run(s), 0 hit(s), 0 error(s), 0 left on base; Albuquerque 0 - Spokane 0
BOTTOM OF THE 2ND
Spokane Trappers batting - Pitching for Albuquerque Isotopes : RHP César De La Cruz
Batting: LHB Will Hill 0-0: Called Strike
0-1: Ball
1-1: Fly out, F9 (Flyball, 89M)
Batting: RHB Enrico Rodríguez 0-0: Swinging Strike
0-1: Called Strike
0-2: Ball
1-2: Ball
2-2: Ball
3-2: Strikes out swinging
Batting: SHB Glenn Vadnais 0-0: Ball
1-0: Fly out, F8 (Flyball, 8LD)
Bottom of the 2nd over - 0 run(s), 0 hit(s), 0 error(s), 0 left on base; Albuquerque 0 - Spokane 0
TOP OF THE 3RD
Albuquerque Isotopes batting - Pitching for Spokane Trappers : RHP Júlio Quintana
Batting: LHB Juan Carlos Sánchez 0-0: Swinging Strike
0-1: Swinging Strike
0-2: Ground out 4-3 (Groundball, 4)
Batting: LHB Fernando Ortíz 0-0: Ground out 3-1 (Groundball, 34)
Batting: RHB Lorenzo Ayala 0-0: Fly out, F6 (Line Drive, 6M)
Top of the 3rd over - 0 run(s), 0 hit(s), 0 error(s), 0 left on base; Albuquerque 0 - Spokane 0
BOTTOM OF THE 3RD
Spokane Trappers batting - Pitching for Albuquerque Isotopes : RHP César De La Cruz
Batting: LHB Alan Moore 0-0: DOUBLE (Line Drive, 8RXD)
Batting: RHB Alejandro Ramos 0-0: Ground out 4-3 (Groundball, 4)
Alan Moore to third
Batting: RHB Ramiro Ross 0-0: Ball
1-0: Foul Ball, location: 2F
1-1: Fly out, F3 (Popup, 3S)
Batting: RHB Robert Marks 0-0: Called Strike
0-1: Called Strike
0-2: SINGLE (Groundball, 56D)
Alan Moore scores
Batting: LHB José Berroa 0-0: Ball
1-0: Ball
2-0: SINGLE (Groundball, 56D)
Robert Marks to second
Batting: RHB Pedro Guzmán 0-0: Ball
1-0: Called Strike
1-1: Ball
2-1: Foul Ball, location: 2F
2-2: 3-RUN HOME RUN (Flyball, 7D), Distance : 362 ft
Batting: LHB Will Hill 0-0: Ball
1-0: Ground out 6-3 (Groundball, 56)
Bottom of the 3rd over - 4 run(s), 4 hit(s), 0 error(s), 0 left on base; Albuquerque 0 - Spokane 4
TOP OF THE 4TH
Albuquerque Isotopes batting - Pitching for Spokane Trappers : RHP Júlio Quintana
Batting: RHB Arturo García 0-0: Ball
1-0: Ball
2-0: SINGLE (Line Drive, 8LS)
Batting: RHB Dave Mullen 0-0: Ball
1-0: Ball
2-0: Ball
3-0: Base on Balls
Arturo García to second
Batting: LHB Bernardo Montés 0-0: Foul Ball, location: 2F
0-1: Ball
1-1: Called Strike
1-2: Ball
2-2: Ball
3-2: Foul Ball, location: 2F
3-2: Fly out, F5 (Line Drive, 5S)
Batting: LHB António De Los Ángeles 0-0: Called Strike
0-1: Foul Ball, location: 2F
0-2: Strikes out looking
Batting: RHB Gonzalo Gil 0-0: Ball
1-0: Ball
2-0: Ball
3-0: Base on Balls
Arturo García to third
Dave Mullen to second
Batting: RHB Juan Alberto 0-0: Fly out, F9 (Flyball, 9S)
Top of the 4th over - 0 run(s), 1 hit(s), 0 error(s), 3 left on base; Albuquerque 0 - Spokane 4
BOTTOM OF THE 4TH
Spokane Trappers batting - Pitching for Albuquerque Isotopes : RHP César De La Cruz
Batting: RHB Enrico Rodríguez 0-0: Called Strike
0-1: Swinging Strike
0-2: Foul Ball, location: 2F
0-2: Ball
1-2: Foul Ball, location: 2F
1-2: Strikes out swinging
Batting: SHB Glenn Vadnais 0-0: Ball
1-0: Ball
2-0: Called Strike
2-1: DOUBLE (Groundball, 3L) - OUT at third base trying to stretch hit.
Batting: LHB Alan Moore 0-0: Ball
1-0: Ground out 3-1 (Groundball, 34)
Bottom of the 4th over - 0 run(s), 1 hit(s), 0 error(s), 0 left on base; Albuquerque 0 - Spokane 4
TOP OF THE 5TH
Albuquerque Isotopes batting - Pitching for Spokane Trappers : RHP Júlio Quintana
Batting: LHB Juan Carlos Sánchez 0-0: Ball
1-0: Ball
2-0: Ball
3-0: Fly out, F5 (Line Drive, 5S)
Batting: LHB Fernando Ortíz 0-0: Called Strike
0-1: Ball
1-1: Swinging Strike
1-2: Ball
2-2: Ball
3-2: Ground out 4-3 (Groundball, 4)
Batting: RHB Lorenzo Ayala 0-0: Called Strike
0-1: Foul Ball, location: 2F
0-2: Strikes out looking
Top of the 5th over - 0 run(s), 0 hit(s), 0 error(s), 0 left on base; Albuquerque 0 - Spokane 4
BOTTOM OF THE 5TH
Spokane Trappers batting - Pitching for Albuquerque Isotopes : RHP César De La Cruz
Batting: RHB Alejandro Ramos 0-0: Ball
1-0: Foul Ball, location: 2F
1-1: Foul Ball, location: 2F
1-2: Ball
2-2: SOLO HOME RUN (Flyball, 7D), Distance : 386 ft
Batting: RHB Ramiro Ross 0-0: Ball
1-0: Called Strike
1-1: Foul Ball, location: 2F
1-2: Foul Ball, location: 2F
1-2: SINGLE (Line Drive, 8RS)
Batting: RHB Robert Marks 0-0: Ball
1-0: Ball
2-0: Ball
3-0: Called Strike
3-1: Fly out, F8 (Flyball, 8LM)
Batting: LHB José Berroa 0-0: Ball
1-0: Called Strike
1-1: Ball
2-1: Called Strike
2-2: Strikes out swinging
Batting: RHB Pedro Guzmán 0-0: Swinging Strike
0-1: Ball
1-1: Called Strike
1-2: Strikes out looking
Bottom of the 5th over - 1 run(s), 2 hit(s), 0 error(s), 1 left on base; Albuquerque 0 - Spokane 5
TOP OF THE 6TH
Albuquerque Isotopes batting - Pitching for Spokane Trappers : RHP Júlio Quintana
Batting: RHB Arturo García 0-0: Swinging Strike
0-1: Ball
1-1: DOUBLE (Line Drive, 7LD)
Batting: RHB Dave Mullen 0-0: Foul Ball, location: 2F
0-1: Ball
1-1: Swinging Strike
1-2: Ball
2-2: Strikes out swinging
Batting: LHB Bernardo Montés 0-0: Called Strike
Arturo García steals 3rd base
0-1: Ball
1-1: Foul Ball, location: 2F
1-2: Foul Ball, location: 2F
1-2: Foul Ball, location: 2F
1-2: Ball
2-2: Ball
3-2: 2-RUN HOME RUN (Flyball, 8RXD), Distance : 432 ft
Batting: LHB António De Los Ángeles 0-0: Foul Ball, location: 2F
0-1: Swinging Strike
0-2: Strikes out swinging
Batting: RHB Gonzalo Gil 0-0: Ball
1-0: Fly out, F3 (Popup, 3L)
Top of the 6th over - 2 run(s), 2 hit(s), 0 error(s), 0 left on base; Albuquerque 2 - Spokane 5
BOTTOM OF THE 6TH
Spokane Trappers batting - Pitching for Albuquerque Isotopes : RHP César De La Cruz
Batting: LHB Will Hill 0-0: Ball
1-0: Foul Ball, location: 2F
1-1: Called Strike
1-2: Ball
2-2: Foul Ball, location: 2F
2-2: Foul Ball, location: 2F
2-2: Foul Ball, location: 2F
2-2: Foul Ball, location: 2F
2-2: Ball
3-2: Foul Ball, location: 2F
3-2: SINGLE (Groundball, 34D)
Batting: RHB Enrico Rodríguez 0-0: Ball
1-0: Ball
2-0: Swinging Strike
2-1: Ball
3-1: Base on Balls
Will Hill to second
Batting: SHB Glenn Vadnais 0-0: Ball
1-0: Ball
2-0: Grounds into double play, 4-6-3 (Groundball, 4)
Will Hill to third
Batting: LHB Alan Moore 0-0: Intentional Walk
Batting: RHB Alejandro Ramos 0-0: Swinging Strike
0-1: 3-RUN HOME RUN (Flyball, 7LD), Distance : 351 ft
Batting: RHB Ramiro Ross 0-0: Ball
1-0: Called Strike
1-1: Called Strike
1-2: Ball
2-2: Foul Ball, location: 2F
2-2: Ground out 6-3 (Groundball, 6)
Bottom of the 6th over - 3 run(s), 2 hit(s), 0 error(s), 0 left on base; Albuquerque 2 - Spokane 8
TOP OF THE 7TH
Albuquerque Isotopes batting - Pitching for Spokane Trappers : RHP Júlio Quintana
Pitching: RHP Beau Murphy
Batting: RHB Juan Alberto 0-0: Foul Ball, location: 2F
0-1: Ball
1-1: Ball
2-1: Foul Ball, location: 2F
2-2: Fly out, F8 (Line Drive, 78M)
Now in CF: John Craig
Batting: LHB Juan Carlos Sánchez 0-0: Called Strike
0-1: Fly out, F7 (Line Drive, 7)
Batting: LHB Fernando Ortíz 0-0: Swinging Strike
0-1: Ball
1-1: DOUBLE (Groundball, 3L)
Batting: RHB Lorenzo Ayala 0-0: Called Strike
0-1: Ball
1-1: Swinging Strike
1-2: Ball
2-2: Strikes out swinging
Top of the 7th over - 0 run(s), 1 hit(s), 0 error(s), 1 left on base; Albuquerque 2 - Spokane 8
BOTTOM OF THE 7TH
Spokane Trappers batting - Pitching for Albuquerque Isotopes : RHP César De La Cruz
Pitching: RHP Kenny Skinner
Batting: RHB Robert Marks 0-0: Ball
1-0: Ball
2-0: Called Strike
2-1: Foul Ball, location: 2F
2-2: Ball
3-2: Strikes out swinging, 2-3 out at first.
Batting: LHB José Berroa 0-0: Ball
1-0: Called Strike
1-1: Ball
2-1: Foul Ball, location: 2F
2-2: Fly out, F8 (Flyball, 8LD)
Batting: RHB Pedro Guzmán 0-0: Ball
1-0: Fly out, F7 (Flyball, 78D)
Bottom of the 7th over - 0 run(s), 0 hit(s), 0 error(s), 0 left on base; Albuquerque 2 - Spokane 8
TOP OF THE 8TH
Albuquerque Isotopes batting - Pitching for Spokane Trappers : RHP Beau Murphy
Now at 2B: Jaime Padilla
Batting: RHB Arturo García 0-0: Ball
1-0: Swinging Strike
1-1: Ground out 4-3 (Groundball, 4S)
Batting: RHB Dave Mullen 0-0: Swinging Strike
0-1: Called Strike
0-2: Ball
1-2: Foul Ball, location: 2F
1-2: SOLO HOME RUN (Flyball, 9LD), Distance : 369 ft
Batting: LHB Bernardo Montés 0-0: Ball
1-0: Ball
2-0: Called Strike
2-1: Fly out, F8 (Flyball, 8LS)
Batting: LHB António De Los Ángeles 0-0: Foul Ball, location: 2F
0-1: Ball
1-1: Called Strike
1-2: Ground out 4-3 (Groundball, 4)
Top of the 8th over - 1 run(s), 1 hit(s), 0 error(s), 0 left on base; Albuquerque 3 - Spokane 8
BOTTOM OF THE 8TH
Spokane Trappers batting - Pitching for Albuquerque Isotopes : RHP Kenny Skinner
Pitching: RHP Manny Muńóz
Batting: LHB Will Hill 0-0: Called Strike
0-1: Foul Ball, location: 2F
0-2: Ball
1-2: Ground out 6-3 (Groundball, 6)
Batting: RHB Enrico Rodríguez 0-0: Ball
1-0: Called Strike
1-1: Ball
2-1: Ball
3-1: DOUBLE (Groundball, 3L)
Batting: SHB Glenn Vadnais 0-0: Intentional Walk
Batting: LHB Alan Moore 0-0: Fly out, F7 (Flyball, 7S)
Batting: RHB Alejandro Ramos 0-0: SINGLE (Groundball, 6MD)
Enrico Rodríguez to third
Glenn Vadnais to second
Runner from 3rd tries for Home, SAFE, throw made home
Batting: RHB John Craig 0-0: Called Strike
0-1: Foul Ball, location: 2F
0-2: Ball
1-2: Foul Ball, location: 2F
1-2: Ball
2-2: Ball
3-2: Base on Balls
Glenn Vadnais to third
Alejandro Ramos to second
Batting: RHB Robert Marks 0-0: Fielders Choice at 2nd, 4-6 (Groundball, 4)
Bottom of the 8th over - 1 run(s), 2 hit(s), 0 error(s), 2 left on base; Albuquerque 3 - Spokane 9
TOP OF THE 9TH
Albuquerque Isotopes batting - Pitching for Spokane Trappers : RHP Beau Murphy
Now at SS: Dani Rodríguez
Batting: RHB Gonzalo Gil 0-0: Ball
1-0: Foul Ball, location: 2F
1-1: Foul Ball, location: 2F
1-2: Ball
2-2: Ball
3-2: Base on Balls
Batting: RHB Juan Alberto 0-0: Fly out, F8 (Flyball, 8RD)
Batting: LHB Juan Carlos Sánchez 0-0: Called Strike
0-1: Swinging Strike
0-2: Strikes out swinging
Batting: LHB Fernando Ortíz 0-0: Called Strike
0-1: Ball
1-1: Foul Ball, location: 2F
1-2: Ball
2-2: Ball
3-2: Base on Balls
Gonzalo Gil to second
Batting: RHB Lorenzo Ayala 0-0: Called Strike
0-1: Swinging Strike
0-2: DOUBLE (Line Drive, 8RXD)
Gonzalo Gil scores
Fernando Ortíz to third
Runner from 3rd tries for Home, SAFE, no throw
Pitching: LHP Adrián León
Batting: RHB Arturo García 0-0: Fly out, F6 (Line Drive, 6)
Top of the 9th over - 2 run(s), 1 hit(s), 0 error(s), 1 left on base; Albuquerque 5 - Spokane 9
Thursday, March 30th, 2017 - OOTP Baseball 17.12 Build 75